AoeStats
← HTY

Arena

504687192Analyzed
4v4 RM · 26d ago on Sep 6, 2026· 23m 49s· 8 players
Game mode
Random Map
Map size
Large (8 player)
Population
200
Speed
Normal
Resources
Standard
Victory
Conquest
Starting age
Dark Age
Ending age
Imperial Age
RankedLock teamsTeams togetherTeam positionsShared explorationLock speedFull tech treeHidden civsTurbo modeCheats
Victory
Defeat
🇹🇼 Romans · Taiwan
1338
+8
🇺🇸 Shu · United States
1255
+11
🇹🇷 Japanese · Türkiye
1170
+14
🇹🇼 Khmer · Taiwan
1168
+15
🇮🇳 Berbers · India
1183
-14
🇨🇳 Khmer · China
1175
-13
🇹🇼 Britons · Taiwan
1109
-11
🇹🇼 Slavs · Taiwan
1103
-10
raw0000
10:11 Feudal Age
14:47 Castle Age
13:06 Double-Bit Axe
13:25 Horse Collar
iii
10:40 Feudal Age
13:51 Castle Age
11:54 Double-Bit Axe
11:52 Horse Collar
15:28 Bow Saw
16:54 Heavy Plow
23:03 Loom
小沁
10:54 Feudal Age
11:57 Double-Bit Axe
18:53 Castle Age
16:49 Horse Collar
21:55 Bow Saw
23:05 Wheelbarrow
excboom
10:21 Feudal Age
10:54 Horse Collar
16:02 Castle Age
14:17 Double-Bit Axe
14:29 Man-at-Arms
17:15 Long Swordsman
18:10 Loom
19:45 Town Watch
[IO] tally-ho
10:23 Feudal Age
14:42 Castle Age
13:48 Wheelbarrow
13:04 Double-Bit Axe
13:01 Horse Collar
14:54 Fletching
15:54 Bow Saw
15:57 Padded Archer Armor
15:59 Bodkin Arrow
17:05 Bodkin Arrow
20:34 Stone Mining
22:29 Wheelbarrow
23:41 Gold Mining
月月醬油
10:39 Feudal Age
13:57 Castle Age
12:11 Horse Collar
13:07 Double-Bit Axe
18:51 Heavy Plow
19:02 Bow Saw
22:57 Husbandry
lokijasai
9:09 Feudal Age
10:43 Loom
13:33 Castle Age
11:58 Double-Bit Axe
14:54 Bow Saw
21:31 Horse Collar
HTY
9:51 Feudal Age
10:18 Double-Bit Axe
18:26 Castle Age
16:35 Horse Collar
17:30 Loom
19:22 Bow Saw
Connection lost

Rejoining the realm…

Still unreachable

The connection could not be restored.

Session expired

The server has moved on; the page needs a fresh start.